[ AOE2 MATCH · #493676702 ]
UnrankedWei vs Dravidians
Player's team · WIN
[ REPLAY ANALYSIS · EXTRACTED FROM THE RECORDED GAME ]
Feudal
10:05
Castle
14:53
Imperial
30:35
| APM avg | 41.1 |
| APM peak | 83 |
| eAPM avg | 19.0 |
| Villagers / military | 125 / 132 |
Focus
⚔️ 32.2% · 🌾 67.8%
Skirmisher ×59 · Scout Cavalry ×42 · Spearman ×17 · Monk ×7 · Unknown (1949) ×6 · Unknown (1942) ×5
Feudal
10:27
Castle
14:02
Imperial
29:30
| APM avg | 27.4 |
| APM peak | 90 |
| eAPM avg | 19.3 |
| Villagers / military | 120 / 89 |
Focus
⚔️ 25.2% · 🌾 74.8%
Battle Elephant ×29 · Scout Cavalry ×25 · Elephant Archer ×15 · Armored Elephant ×8 · Monk ×6 · Mangonel ×4
Match map
Initial resources + every placement click. Lines = walls · curves = elevation contours. ◆ gold · ⬟ stone · ● berries · ✦ relic · ◌ wall gap
Your base· Open — unwalled flank
brendansexson's base· Open — unwalled flank
Smoothed initial terrain · ◌ = detected wall gap · hover for details
Inputs per minute
— Frankenbeutel - - brendansexson
Build order — Frankenbeutel
First 150 of 408 actions detected
| 0:09 | Build | Town Center |
| 0:50 | Build | House |
| 0:52 | Build | House |
| 1:40 | Create | Villager (Male) |
| 1:40 | Create | Villager (Male) |
| 1:41 | Create | Villager (Male) |
| 1:41 | Create | Villager (Male) |
| 3:10 | Build | House |
| 3:12 | Build | House |
| 3:20 | Create | Villager (Male) |
| 3:23 | Create | Villager (Male) |
| 4:01 | Create | Villager (Male) |
| 4:01 | Create | Villager (Male) |
| 4:01 | Create | Villager (Male) |
| 4:31 | Create | Villager (Male) |
| 4:34 | Build | Lumber Camp |
| 5:19 | Create | Villager (Male) |
| 5:25 | Create | Villager (Male) |
| 6:02 | Create | Villager (Male) |
| 6:39 | Build | Mill |
| 7:05 | Create | Villager (Male) |
| 7:06 | Create | Villager (Male) |
| 7:52 | Build | Mining Camp |
| 7:53 | Research | Feudal Age |
| 8:41 | Build | House |
| 8:42 | Build | Barracks |
| 9:45 | Create | Villager (Male) |
| 10:00 | Research | Loom |
| 10:05 | Age | Feudal Age |
| 10:08 | Research | Double-Bit Axe |
| 10:10 | Create | Villager (Male) |
| 10:20 | Build | Blacksmith |
| 10:36 | Research | Gold Mining |
| 10:58 | Create | Villager (Male) |
| 10:59 | Create | Villager (Male) |
| 11:36 | Create | Villager (Male) |
| 11:45 | Build | Market |
| 12:08 | Research | Castle Age |
| 12:47 | Build | House |
| 13:59 | Build | Mill |
| 14:04 | Build | House |
| 14:40 | Create | Spearman |
| 14:53 | Age | Castle Age |
| 14:55 | Create | Villager (Male) |
| 15:10 | Build | Castle |
| 15:15 | Create | Villager (Male) |
| 15:19 | Research | Horse Collar |
| 15:55 | Build | Mining Camp |
| 16:01 | Create | Villager (Male) |
| 16:03 | Build | Farm |
| 16:04 | Build | Farm |
| 16:07 | Build | Farm |
| 16:08 | Build | Farm |
| 16:11 | Build | Farm |
| 16:32 | Create | Unit 1949 |
| 16:33 | Create | Villager (Male) |
| 16:41 | Build | Siege Workshop |
| 17:07 | Create | Battering Ram |
| 17:23 | Build | Farm |
| 17:23 | Create | Villager (Male) |
| 17:29 | Create | Unit 1949 |
| 17:44 | Create | Villager (Male) |
| 17:51 | Build | Farm |
| 18:00 | Research | Scale Barding Armor |
| 18:10 | Create | Villager (Male) |
| 18:29 | Create | Mangonel |
| 18:36 | Create | Villager (Male) |
| 18:38 | Build | Farm |
| 19:09 | Build | Farm |
| 19:10 | Create | Villager (Male) |
| 19:20 | Create | Unit 1949 |
| 19:21 | Create | Villager (Male) |
| 20:00 | Create | Villager (Male) |
| 20:13 | Create | Villager (Male) |
| 20:28 | Create | Villager (Male) |
| 20:28 | Create | Villager (Male) |
| 20:33 | Build | Town Center |
| 20:43 | Build | Monastery |
| 20:46 | Create | Villager (Male) |
| 20:46 | Create | Villager (Male) |
| 21:11 | Create | Monk |
| 21:13 | Create | Monk |
| 21:21 | Create | Villager (Male) |
| 21:21 | Create | Villager (Male) |
| 21:42 | Create | Unit 1949 |
| 21:49 | Build | Farm |
| 21:51 | Build | Farm |
| 21:54 | Build | Farm |
| 21:55 | Build | Farm |
| 21:57 | Build | Farm |
| 21:58 | Build | Farm |
| 22:05 | Build | House |
| 22:06 | Build | House |
| 22:06 | Build | House |
| 22:18 | Create | Villager (Male) |
| 22:18 | Create | Villager (Male) |
| 22:35 | Create | Villager (Male) |
| 22:36 | Create | Villager (Male) |
| 22:49 | Create | Villager (Male) |
| 23:08 | Create | Villager (Male) |
| 23:09 | Create | Villager (Male) |
| 23:45 | Create | Villager (Male) |
| 23:52 | Create | Mangonel |
| 23:55 | Create | Villager (Male) |
| 24:07 | Create | Villager (Male) |
| 24:07 | Create | Villager (Male) |
| 24:07 | Create | Villager (Male) |
| 24:07 | Create | Villager (Male) |
| 24:12 | Build | House |
| 24:15 | Build | House |
| 24:19 | Create | Villager (Male) |
| 24:24 | Build | Mill |
| 24:25 | Build | Farm |
| 24:25 | Build | Farm |
| 24:27 | Build | Farm |
| 24:27 | Build | Farm |
| 24:28 | Build | Farm |
| 25:00 | Create | Villager (Male) |
| 25:00 | Create | Villager (Male) |
| 25:01 | Create | Villager (Male) |
| 25:02 | Build | Farm |
| 25:03 | Build | Farm |
| 25:04 | Build | Farm |
| 25:05 | Build | Farm |
| 25:08 | Build | House |
| 25:09 | Create | Villager (Male) |
| 25:57 | Create | Villager (Male) |
| 25:58 | Create | Villager (Male) |
| 26:00 | Create | Villager (Male) |
| 26:18 | Create | Villager (Male) |
| 26:18 | Create | Villager (Male) |
| 26:18 | Create | Villager (Male) |
| 26:19 | Create | Villager (Male) |
| 26:28 | Build | Mining Camp |
| 27:06 | Create | Villager (Male) |
| 27:06 | Create | Villager (Male) |
| 27:06 | Create | Villager (Male) |
| 27:23 | Research | Imperial Age |
| 27:50 | Build | Town Center |
| 27:53 | Build | Farm |
| 27:53 | Build | Farm |
| 27:54 | Build | Farm |
| 27:54 | Build | Farm |
| 27:55 | Build | Farm |
| 27:55 | Build | Farm |
| 27:56 | Build | Farm |
| 27:56 | Build | Farm |
| 28:00 | Build | University |
| 28:01 | Build | House |
| 28:02 | Build | House |
Build order — brendansexson
First 150 of 412 actions detected
| 0:27 | Build | Town Center |
| 0:38 | Build | Town Center |
| 0:56 | Build | House |
| 0:58 | Build | House |
| 1:49 | Create | Villager (Male) |
| 1:49 | Create | Villager (Male) |
| 1:49 | Create | Villager (Male) |
| 1:50 | Create | Villager (Male) |
| 1:50 | Create | Villager (Male) |
| 2:41 | Research | Loom |
| 3:26 | Create | Villager (Male) |
| 3:26 | Create | Villager (Male) |
| 3:33 | Build | House |
| 4:06 | Build | Barracks |
| 4:28 | Build | Mill |
| 4:32 | Create | Villager (Male) |
| 4:32 | Create | Villager (Male) |
| 4:32 | Create | Villager (Male) |
| 4:33 | Create | Villager (Male) |
| 4:36 | Create | Villager (Male) |
| 4:36 | Create | Villager (Male) |
| 4:37 | Create | Villager (Male) |
| 4:49 | Build | House |
| 4:50 | Build | House |
| 5:38 | Build | Farm |
| 6:12 | Research | Loom |
| 6:47 | Create | Villager (Male) |
| 6:48 | Create | Villager (Male) |
| 6:53 | Build | House |
| 7:06 | Build | House |
| 7:20 | Create | Villager (Male) |
| 7:40 | Research | Feudal Age |
| 9:30 | Build | Farm |
| 9:31 | Build | Farm |
| 9:31 | Build | Farm |
| 9:32 | Build | Farm |
| 10:03 | Create | Villager (Male) |
| 10:03 | Create | Villager (Male) |
| 10:27 | Age | Feudal Age |
| 10:31 | Build | Market |
| 10:37 | Build | Blacksmith |
| 11:22 | Research | Castle Age |
| 12:05 | Research | Horse Collar |
| 12:40 | Build | Farm |
| 12:40 | Build | Farm |
| 13:20 | Build | House |
| 13:22 | Build | House |
| 13:38 | Create | Villager (Male) |
| 14:02 | Age | Castle Age |
| 14:11 | Build | Town Center |
| 14:16 | Build | Town Center |
| 14:43 | Build | Lumber Camp |
| 14:49 | Build | Farm |
| 14:54 | Create | Villager (Male) |
| 15:22 | Create | Villager (Male) |
| 15:22 | Create | Villager (Male) |
| 15:24 | Create | Villager (Male) |
| 15:24 | Create | Villager (Male) |
| 15:24 | Create | Villager (Male) |
| 15:45 | Create | Villager (Male) |
| 15:45 | Create | Villager (Male) |
| 15:45 | Create | Villager (Male) |
| 15:50 | Build | Farm |
| 15:51 | Build | Farm |
| 15:51 | Build | Farm |
| 15:52 | Build | Farm |
| 15:53 | Build | Farm |
| 15:53 | Build | Farm |
| 15:53 | Build | Farm |
| 15:54 | Build | Farm |
| 15:54 | Build | Farm |
| 15:55 | Build | Farm |
| 15:55 | Build | Farm |
| 15:55 | Build | Farm |
| 15:56 | Build | Farm |
| 16:39 | Build | Siege Workshop |
| 16:43 | Create | Villager (Male) |
| 16:43 | Create | Villager (Male) |
| 16:43 | Create | Villager (Male) |
| 16:43 | Create | Villager (Male) |
| 16:44 | Create | Villager (Male) |
| 16:44 | Create | Villager (Male) |
| 16:45 | Create | Villager (Male) |
| 16:45 | Create | Villager (Male) |
| 16:46 | Create | Villager (Male) |
| 16:49 | Build | Farm |
| 16:49 | Build | Farm |
| 16:50 | Build | Farm |
| 16:51 | Build | Farm |
| 16:51 | Build | Farm |
| 16:52 | Build | Farm |
| 16:52 | Build | Farm |
| 16:52 | Build | Farm |
| 16:53 | Build | Farm |
| 16:53 | Build | Farm |
| 16:54 | Build | Farm |
| 16:54 | Build | Farm |
| 16:54 | Build | Farm |
| 16:55 | Build | Farm |
| 16:55 | Build | Farm |
| 16:56 | Build | Farm |
| 16:56 | Build | Farm |
| 16:56 | Build | Farm |
| 16:57 | Build | Farm |
| 16:57 | Build | Farm |
| 16:58 | Build | Farm |
| 16:58 | Build | Farm |
| 16:59 | Build | Farm |
| 16:59 | Build | Farm |
| 16:59 | Build | Farm |
| 17:00 | Build | Farm |
| 17:00 | Build | Farm |
| 17:00 | Build | Farm |
| 17:11 | Create | Villager (Male) |
| 17:11 | Create | Villager (Male) |
| 17:12 | Create | Villager (Male) |
| 17:12 | Create | Villager (Male) |
| 17:17 | Build | Farm |
| 17:31 | Build | Farm |
| 17:41 | Build | Farm |
| 17:41 | Build | Farm |
| 17:42 | Build | Farm |
| 17:43 | Build | Farm |
| 17:56 | Build | Farm |
| 17:59 | Create | Villager (Male) |
| 17:59 | Create | Villager (Male) |
| 17:59 | Create | Villager (Male) |
| 18:03 | Build | House |
| 18:04 | Build | House |
| 18:08 | Build | House |
| 18:09 | Build | House |
| 18:27 | Research | Wheelbarrow |
| 18:35 | Create | Mangonel |
| 18:40 | Research | Town Watch |
| 18:48 | Create | Villager (Male) |
| 18:48 | Create | Villager (Male) |
| 19:07 | Build | Monastery |
| 19:15 | Create | Villager (Male) |
| 19:15 | Create | Villager (Male) |
| 19:21 | Build | House |
| 19:23 | Build | House |
| 19:24 | Build | House |
| 19:26 | Build | House |
| 19:29 | Create | Monk |
| 19:42 | Build | Farm |
| 19:43 | Build | Farm |
| 19:43 | Build | Farm |
| 19:43 | Build | Farm |
| 19:51 | Build | Farm |
| 19:54 | Create | Armored Elephant |
Match timeline
| 4:06 | brendansexson · first_building Barracks |
| 8:42 | Frankenbeutel · first_building Barracks |
| 10:05 | Frankenbeutel · age_up feudal |
| 10:27 | brendansexson · age_up feudal |
| 13:02 | Frankenbeutel · first_market_buy 500 stone |
| 13:43 | Frankenbeutel · first_market_sell 100 wood |
| 14:02 | brendansexson · age_up castle |
| 14:53 | Frankenbeutel · age_up castle |
| 15:10 | Frankenbeutel · first_building Castle |
| 16:06 | brendansexson · first_market_buy 100 wood |
| 16:39 | brendansexson · first_building Siege Workshop |
| 16:41 | Frankenbeutel · first_building Siege Workshop |
| 19:07 | brendansexson · first_building Monastery |
| 20:32 | brendansexson · first_market_sell 100 wood |
| 20:43 | Frankenbeutel · first_building Monastery |
| 28:25 | brendansexson · first_building Archery Range |
| 29:04 | Frankenbeutel · first_building Stable |
| 29:30 | brendansexson · age_up imperial |
| 30:35 | Frankenbeutel · age_up imperial |
| 30:48 | brendansexson · first_building Castle |
| 32:21 | Frankenbeutel · first_building Archery Range |
| 36:49 | brendansexson · first_building Stable |
| 41:35 | brendansexson · wall_segment Palisade Wall x1 |
| 46:14 | brendansexson · resign |
[ AI ANALYSIS · 1 CREDIT ]
What really happened in this match?
Wolo.gg analyzes every decision: build order, eco, micro, common mistakes by bracket. Personalized analysis on WhatsApp or Discord in 30 seconds.
Civ guide
Wei
Perfil
Frankenbeutel